 Dungeon Crawl Stone Soup version 0.24-a0-525-g9231cdcba1 (webtiles) character file.

Game seed: 15549572052366662831

5483 Essalna the Summoner (level 10, -5/80 HPs)
             Began as a Mummy Summoner on July 31, 2019.
             Was a Follower of Ashenzari.
             Slain by a yak (9 damage)
             ... on level 1 of the Lair of Beasts on Aug 1, 2019.
             The game lasted 00:42:06 (11498 turns).

Essalna the Summoner (Mummy Summoner)              Turns: 11498, Time: 00:42:06

Health: -5/80      AC:  5    Str: 11    XL:     10   Next: 42%
Magic:  9/14       EV: 14    Int: 17    God:    Ashenzari [*.....]
Gold:   535        SH:  0    Dex: 14    Spells: 6/14 levels left

rFire    x x .     SeeInvis .   f - +1 dagger (elec)
rCold    + + .     Gourm    .   (no shield)
rNeg     + + +     Faith    .   a - +0 robe
rPois    ∞         Spirit   .   k - +0 helmet
rElec    .         Reflect  .   v - +1 cloak
rCorr    .         Harm     .   (no gloves)
MR       +....                  (no boots)
Stlth    ++........             g - amulet of the acrobat (curse)
HPRegen  0.23/turn              o - ring of ice (curse)
MPRegen  0.14/turn              q - ring of flight (curse)

@: no status effects
A: no food or potions, fire vulnerability, cold resistance 1, negative energy
resistance 3, torment resistance, unbreathing
a: Curse Item, Scrying, Renounce Religion, Evoke Flight


You were on level 1 of the Lair of Beasts.
You worshipped Ashenzari.
Ashenzari was aware of your devotion.
You were not hungry.

You visited 3 branches of the dungeon, and saw 12 of its levels.

You collected 535 gold pieces.

Inventory:

Hand Weapons
 e - a +0 dagger
 f - a +1 dagger of electrocution (weapon)
Armour
 a - a +0 robe (worn)
 k - a +0 helmet (worn)
 u - a cursed +0 leather armour
 v - a +1 cloak (worn)
Jewellery
 g - a cursed amulet of the acrobat (around neck)
 o - a cursed ring of ice (left hand)
 q - a cursed ring of flight (right hand)
 t - a cursed amulet of magic regeneration
 A - an uncursed ring of magical power
Wands
 i - a wand of disintegration (14)
 l - a wand of random effects (19)
 r - a wand of iceblast (6)
 s - a wand of digging (7)
 w - a wand of flame (19)
 z - a wand of enslavement (6)
Scrolls
 b - 2 scrolls of noise {unknown}
 c - 3 scrolls of teleportation {unknown}
 d - 9 scrolls of identify {unknown}
 h - 3 scrolls of enchant weapon {unknown}
 j - 3 scrolls of enchant armour {unknown}
 m - 3 scrolls of blinking {unknown}
 n - a scroll of fear {unknown}
 p - a scroll of magic mapping {unknown}
 x - a scroll of amnesia {unknown}
 y - a scroll of holy word {unknown}


   Skills:
 + Level 7.8 Fighting
 + Level 3.8 Armour
 + Level 4.2 Dodging
 - Level 1.5 Stealth
 - Level 2.6 Spellcasting
 + Level 8.2 Summonings
 - Level 6.2 Air Magic


You had 6 spell levels left.
You knew the following spells:

 Your Spells              Type           Power        Failure   Level  Hunger
a - Summon Small Mammal   Summ           ####         1%          1    N/A
b - Call Canine Familiar  Summ           ####....     1%          3    N/A
c - Summon Lightning Spi  Summ/Air       ####....     10%         4    N/A

Your spell library contained the following spells:

 Spells                   Type           Power        Failure   Level  Hunger
 Call Imp                 Summ           ####....     1%          2    N/A
 Poisonous Vapours        Pois/Air       ##....       8%          2    N/A
 Summon Guardian Golem    Hex/Summ       ###.....     10%         3    N/A
 Animate Skeleton         Necr           N/A          19%         1    N/A
 Apportation              Tloc           #.....       19%         1    N/A
 Confusing Touch          Hex            #.....       19%         1    N/A
 Magic Dart               Conj           #...         19%         1    N/A
 Sting                    Conj/Pois      #...         19%         1    N/A
 Mephitic Cloud           Conj/Pois/Air  #.......     22%         3    N/A
 Blink                    Tloc           N/A          26%         2    N/A
 Slow                     Hex            #.......     26%         2    N/A
 Summon Ice Beast         Ice/Summ       ###.....     32%         4    N/A
 Conjure Flame            Conj/Fire      #.......     47%         3    N/A
 Silence                  Hex/Air        ##........   80%         5    N/A
 Cause Fear               Hex            #.........   87%         4    N/A
 Olgreb's Toxic Radiance  Pois           #.......     87%         4    N/A
 Venom Bolt               Conj/Pois      #.........   99%         5    N/A
 Yara's Violent Unravell  Hex/Tmut       #.........   99%         5    N/A
 Deflect Missiles         Chrm/Air       ##........   100%        6    N/A
 Discord                  Hex            #.........   100%        8    N/A

Dungeon Overview and Level Annotations

Branches:
Dungeon (9/15)             Temple (1/1) D:6            Lair (2/6) D:8
  Swamp: Lair:2-4    Shoals: Lair:2-4     Snake: Lair:2-4    Spider: Lair:2-4
    Orc: D:9-12

Altars:
Ashenzari
Cheibriados
Dithmenos
Elyvilon
Fedhas
Gozag
Hepliaklqana
Kikubaaqudgha
Makhleb
Nemelex Xobeh
Okawaru
Qazlal
Ru
Sif Muna
Trog
Uskayaw
Vehumet
Wu Jian
Xom
Yredelemnul
Zin
The Shining One

Shops:
D:7 (

Annotations:
D:9 2 transporters, Bapho's ghost, novice HuBe
Lair:2 exclusion: 2 oklob plants


Innate Abilities, Weirdness & Mutations

You do not eat or drink.
Your flesh is vulnerable to fire.
You are immune to poison.
Your flesh is cold resistant. (rC+)
You are immune to negative energy. (rN+++)
You are immune to unholy pain and torment.
You can survive without breathing.


Message History

The bolt of electricity hits the yak.
The bolt of electricity hits the wolf!
Your lightning spire disappears in a puff of smoke!
The wolf misses you. The wolf misses you. The wolf bites you.
The wolf completely misses you. The wolf misses you.
You hit the wolf but do no damage. Lightning courses through the wolf!
You kill the wolf!
The wolf closely misses you.
Casting: Summon Lightning Spire (safe; 10% risk of failure)
Confirm with . or Enter, or press ? or * to list all spells.
Aiming: Summon Lightning Spire (safe; 10% risk of failure)
Press: ? - help, Dir - move target cursor An electric hum fills the air.
The wolf howls!
The wolf bites you!
* * * LOW HITPOINT WARNING * * *
The wolf bites you!
* * * LOW HITPOINT WARNING * * *
The yak barely misses you. The yak gores you!
You die...

..P#### ##......
#.........## #.......
...........#######.##...
.............P#.#.####..
.............###.## ##..
..............#.## #...
...............#.# #.##
........8......### #.#
.......@......## #.#
......hYY.....# #.#
..........>...# #..
.........(......P ...
.P#.............. ... #
#####h..>.....(. ..##
#...†......###
#........####
#.........# #


You could see 2 yaks, 2 wolves and a friendly lightning spire.

Vanquished Creatures
  Joseph (D:7)
  A spiny frog (Lair:1)
  A hornet (D:9)
  A yak (D:9)
  2 wargs (D:8)
  2 soldier ants (D:9)
  A water moccasin (D:7)
  An orc warrior (D:9)
  2 phantoms
  A sky beast (D:5)
  An ice beast (D:9)
  2 wolves (Lair:1)
  2 centaurs (D:6)
  A crocodile (D:9)
  6 bullfrogs
  A howler monkey (D:9)
  3 crimson imps
  2 bullfrog zombies
  3 hounds
  A centaur skeleton (D:8)
  An orc priest (D:5)
  3 orc wizards
  An iguana (D:6)
  4 worker ants
  A hound skeleton (D:4)
  2 worker ant zombies
  3 gnolls (D:4)
  5 adders
  An adder zombie (D:9)
  An adder skeleton (D:5)
  2 worms
  4 leopard geckos
  10 orcs
  2 ball pythons
  3 bats
  2 giant cockroaches
  4 hobgoblins
  2 jackals (D:6)
  6 quokkas
  2 frilled lizards
  4 goblins
  2 kobolds
  A leopard gecko zombie (D:5)
  3 rats
104 creatures vanquished.

Vanquished Creatures (collateral kills)
  An ugly thing (D:9)
  A cyclops (D:9)
  2 komodo dragons
  Prince Ribbit (D:7)
  A hornet (D:9)
  A basilisk (Lair:2)
  3 yaks
  A hungry ghost (D:7)
  A warg (D:8)
  2 water moccasins
  A hornet zombie (D:5)
  An orc warrior (D:9)
  A sky beast (D:9)
  2 ice beasts
  A phantom (D:9)
  A wolf (Lair:1)
  2 ogres
  A centaur (D:9)
  A big kobold (D:9)
  Blork the orc (D:6)
  3 bullfrogs
  A wyvern skeleton (D:9)
  A scorpion (D:9)
  A howler monkey (D:7)
  An orc priest (D:4)
  Crazy Yiuf (D:7)
  A bullfrog skeleton (D:9)
  A hound (D:8)
  2 centaur skeletons (D:9)
  A gnoll shaman (D:9)
  An iguana (D:7)
  5 orc wizards
  3 worker ants (D:9)
  A hound zombie (D:8)
  6 gnolls
  3 adders
  An adder zombie (D:5)
  2 worms
  A leopard gecko (D:8)
  8 orcs
  5 giant cockroaches
  5 goblins
  2 hobgoblins
  4 jackals
  7 kobolds
  2 bats
  2 frilled lizards
  A quokka skeleton (D:9)
  A rat (D:1)
99 creatures vanquished.

Vanquished Creatures (others)
  An adder (D:6)
  A fungus (D:7)
  2 plants (Lair:2)
4 creatures vanquished.

Grand Total: 207 creatures vanquished

Notes
Turn   | Place    | Note
-------+----------+-------------------------------------------
     0 | D:1      | Essalna the Mummy Summoner began the quest for the Orb.
     0 | D:1      | Reached XP level 1. HP: 13/13 MP: 4/4
   396 | D:1      | Reached XP level 2. HP: 18/19 MP: 2/5
  1308 | D:2      | Reached skill level 4 in Summonings
  1565 | D:2      | Reached XP level 3. HP: 22/24 MP: 0/7
  1713 | D:2      | Learned a level 3 spell: Call Canine Familiar
  2197 | D:3      | Found a radiant altar of Vehumet.
  2409 | D:3      | Reached XP level 4. HP: 26/30 MP: 2/8
  2469 | D:3      | Learned a level 4 spell: Summon Lightning Spire
  2860 | D:4      | Found a glowing golden altar of the Shining One.
  2934 | D:4      | Reached skill level 1 in Fighting
  2994 | D:4      | Reached skill level 1 in Air Magic
  3062 | D:4      | Reached XP level 5. HP: 37/37 MP: 2/9
  3079 | D:4      | Reached skill level 5 in Summonings
  3712 | D:4      | Reached XP level 6. HP: 44/44 MP: 1/10
  3835 | D:5      | Entered Level 5 of the Dungeon
  3933 | D:5      | Found a glowing silver altar of Zin.
  3935 | D:5      | Noticed an angel
  3941 | D:5      | Found a shimmering altar of Xom.
  4052 | D:5      | Found an ornate altar of the Wu Jian Council.
  4068 | D:5      | Noticed a sky beast
  4082 | D:5      | Killed a sky beast
  4655 | D:5      | Reached XP level 7. HP: 12/52 MP: 7/11
  4905 | D:5      | Found a shimmering altar of Xom.
  5254 | D:5      | Found a shimmering altar of Xom.
  5397 | D:5      | Found a shimmering altar of Xom.
  5504 | D:6      | Found a staircase to the Ecumenical Temple.
  5517 | Temple   | Entered the Ecumenical Temple
  5920 | D:6      | Reached skill level 6 in Summonings
  6127 | D:6      | Reached XP level 8. HP: 61/61 MP: 8/12
  6149 | D:6      | Noticed Blork the orc
  6156 | D:6      | Killed Blork the orc
  6599 | D:6      | Reached skill level 5 in Fighting
  6693 | D:7      | Found Naokuhaa's Antique Weapon Shop.
  6694 | D:7      | Noticed Joseph
  6707 | D:7      | Killed Joseph
  7271 | D:7      | Found a shattered altar of Ashenzari.
  7274 | D:7      | Became a worshipper of Ashenzari the Shackled
  7341 | D:7      | Found an opulent altar of Gozag.
  7383 | D:7      | Found a basalt altar of Yredelemnul.
  7681 | D:7      | Found a runed translucent door.
  7682 | D:7      | Noticed Crazy Yiuf
  7735 | D:7      | Killed Crazy Yiuf
  7780 | D:7      | Noticed Prince Ribbit
  7791 | D:7      | Reached skill level 7 in Summonings
  7802 | D:7      | Killed Prince Ribbit
  7802 | D:7      | Reached skill level 5 in Air Magic
  7905 | D:7      | Found a bloodstained altar of Trog.
  8067 | D:7      | Found a deep blue altar of Sif Muna.
  8233 | D:8      | Reached XP level 9. HP: 43/69 MP: 7/13
  8386 | D:9      | Found a transporter.
  8399 | D:9      | Reached skill level 1 in Armour
  8670 | D:9      | Found a transporter.
  8670 | D:9      | Noticed Bapho's ghost (novice HuBe)
  8679 | D:9      | Noticed a cyclops
  8966 | D:9      | Killed a cyclops
  9130 | D:9      | Noticed a green ugly thing
  9147 | D:9      | Killed a green ugly thing
  9258 | D:9      | Reached * piety under Ashenzari
  9593 | D:9      | Upgraded the game from 0.24-a0-524-gf43b32f898 to
                  | 0.24-a0-525-g9231cdcba1
  9684 | D:9      | Reached XP level 10. HP: 18/79 MP: 7/14
 10482 | D:8      | Found a staircase to the Lair.
 10672 | D:8      | Found a snail-covered altar of Cheibriados.
 10695 | D:8      | Found a sparkling altar of Nemelex Xobeh.
 10809 | Lair:1   | Entered Level 1 of the Lair of Beasts
 10877 | Lair:1   | Reached skill level 8 in Summonings
 11200 | Lair:2   | Noticed an oklob plant
 11200 | Lair:2   | Noticed an oklob plant
 11214 | Lair:2   | Noticed a seven-headed hydra
 11219 | Lair:2   | Noticed a spiny frog
 11302 | Lair:1   | Noticed a spiny frog
 11310 | Lair:1   | Killed a spiny frog
 11498 | Lair:1   | HP: 4/80 [wolf (10)]
 11498 | Lair:1   | Slain by a yak

Levels and vault maps discovered:
D:1:      dpeg_arrival_chambers_temple_mockup, layout_loops_ring
D:2:      minmay_recursive_quarters, layout_rooms, nrook_mini_vaults
D:3:      layout_basic, marbit_many_paths
D:4:      layout_rooms, old_standard_altar, first_ration
D:5:      wad_pebble_path, layout_cave_pods,
          grunt_temple_overflow_order_and_chaos_1, overflow_temple_1_default,
          chequers_serial_rivers_room_b, xom_redecorated
D:6:      layout_basic, minmay_temple_entry_statues_pillars, uniq_blork_the_orc
D:7:      layout_basic, nicolae_overflow_hidden_temple, kennysheep_mini,
          kennysheep_mini_moat, lemuel_round_altar, yredelemnul_altar_generic,
          serial_shops, shop, uniq_crazy_yiuf_cottage, uniq_prince_ribbit1,
          uniq_joseph
D:8:      layout_cave_pools, cheibriados_altar_1, kennysheep_little_box,
          erik_lair_orcish_takeover
D:9:      cheibrodos_fzero, layout_loops_cross, gammafunk_ghost_mausoleum,
          hangedman_pestilent_swarm
Temple:   cyrus_temple_forest
Lair:1:   layout_layer_cave, special_room [special_room_bee]
Lair:2:   layout_big_grid, minmay_shoals_entry_hut, infiniplex_staircase_pool,
          minmay_lair_oklob_chamber, serial_bayou_shore_b, grunt_megastairs_5

Skill      XL: |  1  2  3  4  5  6  7  8  9 10 |
---------------+-------------------------------+-----
Summonings     | 4 5 6 7 8 |  8.2
Fighting       | 1 2 3 4 6 7 |  7.8
Air Magic      | 1 2 3 5 6 |  6.2
Armour         | 3 |  3.8
Dodging        | 3 4 |  4.2
Stealth        | |  1.5
Spellcasting   | |  2.6

Action                   |  1- 3 |  4- 6 |  7- 9 | 10-12 || total
-------------------------+-------+-------+-------+-------++-------
Melee: Unarmed           |    44 |       |       |       ||    44
       Dagger            |    73 |    89 |   222 |    52 ||   436
 Cast: Summon Small Mamm |    52 |       |       |       ||    52
       Call Canine Famil |     6 |    18 |    14 |     3 ||    41
       Summon Lightning  |       |       |    39 |    22 ||    61
Invok: Curse Item        |       |       |     3 |     1 ||     4
 Stab: Sleeping          |     2 |     1 |       |       ||     3
       Distracted        |       |       |     3 |     2 ||     5
Armor: Robe              |    20 |    14 |    48 |     2 ||    84
Dodge: Dodged            |    98 |    79 |   188 |    75 ||   440

Table legend:
 A = Non-vault XP
 B = Vault XP
 C = Vault XP percentage of total XP
 D = Non-vault monster count
 E = Vault monster count
 F = Vault count percentage of total count
                 A         B        C        D         E       F
            +---------+---------+-------+---------+---------+-------
      Total |    4849 |    2984 |  38.1 |     170 |      34 |  16.7
            +---------+---------+-------+---------+---------+-------
        D:1 |      21 |       0 |   0.0 |      18 |       0 |   0.0
        D:2 |      32 |      10 |  23.8 |      14 |       5 |  26.3
        D:3 |      26 |      14 |  35.0 |       9 |       1 |  10.0
        D:4 |     277 |       0 |   0.0 |      22 |       0 |   0.0
        D:5 |     587 |       0 |   0.0 |      24 |       0 |   0.0
        D:6 |     726 |      45 |   5.8 |      21 |       1 |   4.5
        D:7 |     430 |     497 |  53.6 |      10 |       3 |  23.1
        D:8 |     357 |     326 |  47.7 |       9 |       6 |  40.0
        D:9 |    1269 |    1914 |  60.1 |      34 |      17 |  33.3
     Lair:1 |    1023 |       0 |   0.0 |       8 |       0 |   0.0
     Lair:2 |     101 |     178 |  63.8 |       1 |       1 |  50.0
            +---------+---------+-------+---------+---------+-------
